Match 31689065
Unlisted

Match 31689065
End
Kradschützen Motorcycle Team
Selects Italian Infantry
Panzergrenadier Squad
250 Light Carrier
Panzergrenadier Squad
Selects Defensive Operations
Construct Light Support Kompanie
MG34 Team
Fire Support Elements
le.IG 18 Mechanized Group
Combat Half-tracks
Selects Territory Booby Traps
Panzerjäger Squad
Construct Panzerarmee Kommand
Selects Guastatori Squad
Panzer III L Medium Tank
Selects Registered Artillery
Panzer III L Medium Tank
Emergency Repair Kits
Selects Obice 305mm Barrage
Obice 305mm Barrage
Vehicle Survival Package
Panzer III L Medium Tank
Armored Reserves
Obice 305mm Barrage
Nukepapa
Fratley
skyhawkfranky
Trizillion
SideshowRob
pr0fispieler
0
0

Comments sign in to comment!

No comments posted yet!